 Seeded DCSS version 0.28-a0-1236-gb25a51b929 (webtiles) character file.

Game seed: 20211226 (custom seed)

179 flotson the Ducker (level 5, -3/40 HPs)
             Began as a Demonspawn Gladiator on Dec 26, 2021.
             Killed from afar by Natasha (9 damage)
             ... with a magic dart
             ... on level 2 of the Dungeon.
             The game lasted 00:05:20 (2840 turns).

flotson the Ducker (Demonspawn Gladiator)           Turns: 2840, Time: 00:05:20

Health: -3/40      AC:  8    Str: 15 (16) XL:     5   Next: 32%
Magic:  5/5        EV:  7    Int:  9 (12) God:
Gold:   37         SH: 11    Dex: 13 (15) Spells: 4/4 levels left

rFire   . . .      SeeInvis .   a - +0 flail
rCold   . . .      Faith    .   e - +0 tower shield
rNeg    . . .      Spirit   .   k - +0 ring mail
rPois   .          Reflect  .   o - +0 helmet {Int+3}
rElec   .          Harm     .   (no cloak)
rCorr   .          Rampage  .   (no gloves)
Will    .....                   (no boots)
Stlth   +.........              (no amulet)
HPRegen 0.13/turn               (no ring)
MPRegen 0.09/turn               (no ring)

@: mighty
A: claws 2, slimy green scales 1
a: no special abilities


You were on level 2 of the Dungeon.
You visited 1 branch of the dungeon, and saw 2 of its levels.

You collected 37 gold pieces.

Inventory:

Hand Weapons
 a - a +0 flail (weapon)
 b - a +0 hunting sling
Missiles
 d - a throwing net
 i - 3 poisoned darts (quivered)
 n - 21 stones
Armour
 e - a +0 tower shield (worn)
 k - a +0 ring mail (worn)
 o - a +0 helmet of intelligence (worn)
Scrolls
 f - a scroll of enchant weapon {unknown}
 j - 2 scrolls of teleportation {unknown}
 m - a scroll of torment {unknown}
Potions
 l - a potion of degeneration


   Skills:
 + Level 2.8 Fighting
 + Level 3.2 Maces & Flails
 + Level 2.6 Throwing
 + Level 1.6 Armour
 + Level 3.3 Dodging
 + Level 1.6 Shields


You had 4 spell levels left.
You didn't know any spells.
Your spell library contained the following spells:

 Spells                   Type           Power      Damage    Failure   Level
 Beastly Appendage        Tmut           0%         N/A       100%        1
 Wereblood                Tmut           0%         N/A       100%        2
 Spider Form              Tmut/Pois      0%         N/A       100%        3


Dungeon Overview and Level Annotations

Branches:
Dungeon (2/15)

Altars:

Annotations:
D:2 Natasha


Innate Abilities, Weirdness & Mutations

You have very sharp fingernails.
You are partially covered in slimy green scales. (AC +2)


Message History

You block the white imp's attack. Natasha claws you but does no damage.
The white imp gestures at you.
The puff of frost hits you but does no damage.
You hit Natasha.
You kill Natasha!
Natasha growls in agony!
The white imp disappears in a puff of smoke!
The shadow imp disappears in a puff of smoke!
The iron imp disappears in a puff of smoke!
Unknown command.
You start resting.
Your extra speed is starting to run out.
You start resting.
You feel yourself slow down.
You start resting.
Your transformation is almost over.
You start resting.
Natasha, Servant of Life and Death comes into view.
b - a +0 hunting sling (weapon)
You feel less wooden.
Your +0 helmet of intelligence unmelds from your body.
Your +0 ring mail unmelds from your body.
You feel clever.
Okay, then.
Unknown command.
Unknown command.
a - a +0 flail (weapon)
Throw: 5 darts (poison)
Press: ? - help, Q - select action, (/) - cycle Shift-Dir - straight line, f - Natasha
Aim: Natasha (51% to hit)
You throw a poisoned dart.
The poisoned dart barely misses Natasha.
Throw: 4 darts (poison)
Press: ? - help, Q - select action, (/) - cycle Shift-Dir - straight line, f/p - Natasha
Aim: Natasha (47% to hit)
You throw a poisoned dart.
The poisoned dart closely misses Natasha.
Natasha stares at you and mumbles some strange words.
The magic dart hits you!
You die...

#...###########.#.####
#...#.................
#...#.#########.#.####
#.....#<..# #.#.....
#######.#.# #.#..### #.#.#
#.#..... #.#.# #.......
#############)#.#####.......
#..........@(.h...(.........
#############.#...(.........
#(#.............
#(#.............
#.#.............
#############(#......#######
#....................>....##
##.##########.(.#########...
#.##.......'.<.'.........##


You could see Natasha.

Vanquished Creatures
  Terence (D:2)
  Natasha (twice) (D:2)
  Robin (D:2)
  4 adders (D:2)
  A dart slug (D:2)
  2 worms (D:2)
  4 endoplasms
  2 giant cockroaches (D:2)
  11 goblins
  6 hobgoblins
  4 jackals
  4 kobolds
  A quokka (D:2)
  A ball python (D:2)
  3 bats
  3 frilled lizards
50 creatures vanquished.

Notes
Turn   | Place    | Note
-------+----------+-------------------------------------------
     0 | D:1      | flotson the Demonspawn Gladiator began the quest for the
                  | Orb.
     0 | D:1      | Reached XP level 1. HP: 16/16 MP: 1/1
   232 | D:1      | Gained mutation: You have sharp fingernails. [demonic
                  | ancestry]
   232 | D:1      | Reached XP level 2. HP: 22/22 MP: 2/2
  1162 | D:2      | Reached XP level 3. HP: 26/27 MP: 3/3
  1256 | D:2      | Noticed Robin
  1258 | D:2      | Noticed Terence
  1343 | D:2      | Reached skill level 1 in Armour
  1493 | D:2      | Reached skill level 1 in Shields
  1558 | D:2      | Killed Terence
  1559 | D:2      | Gained mutation: You have very sharp fingernails. [demonic
                  | ancestry]
  1559 | D:2      | Reached XP level 4. HP: 30/34 MP: 4/4
  1737 | D:2      | Killed Robin
  2553 | D:2      | Noticed Natasha
  2564 | D:2      | Killed Natasha
  2565 | D:2      | Gained mutation: You are partially covered in slimy green
                  | scales. (AC +2) [demonic ancestry]
  2565 | D:2      | Reached XP level 5. HP: 25/39 MP: 5/5
  2768 | D:2      | Noticed Natasha
  2795 | D:2      | HP: 2/58 [Natasha (4)]
  2797 | D:2      | Killed Natasha
  2835 | D:2      | Noticed Natasha
  2840 | D:2      | Killed from afar by Natasha

Illustrated notes

Levels and vault maps discovered:
D:1:      scummos_arrival_simple_fountains, layout_basic
D:2:      layout_basic, uniq_natasha, uniq_robin, uniq_terence

Skill      XL: |  1  2  3 |
---------------+----------+-----
Throwing       | 2 |  2.6
Maces & Flails | 3 |  3.2
Armour         | 1 |  1.6
Dodging        | 3 |  3.3
Shields        | 1 |  1.6
Fighting       | |  2.8

Action                   |  1- 3 |  4- 6 || total
-------------------------+-------+-------++-------
Melee: Flail             |   102 |    99 ||   201
Throw: Throwing net      |     3 |     1 ||     4
       Dart              |    11 |    13 ||    24
  Use: Potion            |       |     5 ||     5
 Stab: Held in net/web   |     1 |       ||     1
Armor: Leather armour    |    18 |       ||    18
       Ring mail         |    44 |    48 ||    92
       Skin              |       |     3 ||     3
Dodge: Dodged            |    56 |    32 ||    88
Block: Tower shield      |    77 |    79 ||   156

Table legend: (Time is in decaauts)
 A = Elapsed time spent in this place.
 B = Non-inter-level travel time spent in this place.
 C = Inter-level travel time spent in this place.
 D = Time resting spent in this place.
 E = Time spent auto-exploring this place.
 F = Levels seen in this place.
 G = Mean time per level.
                   A        B        C        D        E       F      G
               +--------+--------+--------+--------+--------+-----+--------+
         Total |   2994 |   2875 |    119 |     27 |   2202 |   2 | 1497.0 |
       Dungeon |   2994 |   2875 |    119 |     27 |   2202 |   2 | 1497.0 |
               +--------+--------+--------+--------+--------+-----+--------+

Top non-repeatable levels by time:
     D:2: 2075 daAuts
     D:1: 919 daAuts
